cohdb
Replays
Latest Replays
All Replays
Popular Replays
Top Player Replays
Match Explorer
How It Works
Community
CoH3 Stats
Reddit
Sign in to upload your games and track your stats! →
Sign in with Steam
Match 44631021
Unlisted
Match 44631021
Overview
Messages
Build Orders
End
Selects Special Operations Battlegroup
Selects M29 Weasel Recon Vehicle
M29 Weasel Recon Vehicle
Construct Barracks
Riflemen Squad
Riflemen Squad
Riflemen Squad
Mechanized Support Center
Grenade Package
Selects Raiding Flares
Engineer Squad
Construct Tank Depot
Selects SSF Commando Squad
SSF Commando Squad
M4A1 Sherman Medium Tank
Designate Forward Repair Station
SSF Commando Squad
Raiding Flares
M4A1 Sherman Medium Tank
SSF Commando Squad
Raiding Flares
M4A1 Sherman Medium Tank
Improvised Armor
M4A1 76mm Conversion
SSF Commando Squad
Selects P-47 Anti-Infantry Loiter
Selects Air Re-supply Operation
Selects M4A1 Sherman Whizbang
Construct Weapon Support Center
M4A1(76) Sherman Medium Tank
M1919 Machine Gun Team
Rapid Repairs
SSF Commando Squad
Bran
DrewP
Dillbro
Asderq
Jorwet Jorvetten
Bandyta
0
0
Comments
sign in to comment!
No comments posted yet!